 Dungeon Crawl Stone Soup version bcrawl-1.17.3 (webtiles) character file.

Game seed: 14178248036558550656

1690 Gumption the Basher (level 9, -1/61 HPs)
             Began as a Human Archaeologist on Oct 24, 2019.
             Was an Initiate of Hepliaklqana.
             Slain by Menkaure (22 damage)
             ... on level 6 of the Dungeon.
             The game lasted 01:24:28 (8287 turns).

Gumption the Basher (Human Archaeologist)           Turns: 8287, Time: 01:24:29

Health: -1/61      AC: 11    Str: 14    XL:     9   Next: 22%
Magic:  9/9        EV: 14    Int: 15    God:    Hepliaklqana [......]
Gold:   400        SH:  0    Dex: 12    Spells: 8/8 levels left

rFire    + . .     SeeInvis .   w - +7 great mace "Undeadhunter" {disrupt, rN+}
rCold    + . .     Gourm    .   (shield currently unavailable)
rNeg     + . .     Faith    .   s - +2 leather armour {rC+}
rPois    .         Spirit   .   y - +2 helmet
rElec    .         Reflect  .   t - +0 cloak
rCorr    .         Harm     .   (no gloves)
MR       +....                  l - +0 pair of boots
Stlth    ++........             (no amulet)
HPRegen  0.20/turn              j - ring of protection from fire
MPRegen  0.11/turn              F - ring of protection from magic

@: no status effects
A: reduced essence
a: Recall Ancestor, Ancestor Identity, Renounce Religion


You were on level 6 of the Dungeon.
You worshipped Hepliaklqana.
Hepliaklqana was noncommittal.
You were hungry.

You visited 2 branches of the dungeon, and saw 7 of its levels.
You also visited: Sewer.

You collected 400 gold pieces.

Inventory:

Hand Weapons
 a - a +3 flail of draining
 b - a +1 hunting sling
 m - a +0 hand crossbow
 w - the +7 great mace "Undeadhunter" (weapon) {disrupt, rN+}

   It protects you from negative energy.
Missiles
 h - 1477 stones
 r - 290 sling bullets
 C - 66 tomahawks (quivered)
Armour
 d - a +2 pair of boots
 l - a +0 pair of boots (worn)
 s - a +2 leather armour of cold resistance (worn)
 t - a +0 cloak (worn)
 y - a +2 helmet (worn)
Jewellery
 j - a ring of protection from fire (left hand)
 B - an uncursed ring of magical power
 F - a ring of protection from magic (right hand)
Scrolls
 c - 2 scrolls of remove curse
 i - 2 scrolls of fog
 o - 3 scrolls of blinking {unknown}
 p - 2 scrolls of magic mapping {unknown}
 v - 2 scrolls of fear
 x - 3 scrolls of teleportation
 z - a scroll of enchant weapon
 D - 2 scrolls of immolation
 G - a scroll of amnesia
Potions
 f - a potion of magic {unknown}
 g - 3 potions of brilliance
 k - a potion of lignification
 n - 2 potions of curing
 q - a potion of cancellation {unknown}
 u - a potion of haste {unknown}
 A - a potion of resistance {unknown}
Comestibles
 e - 7 rations {!d}


   Skills:
 + Level 5.2 Fighting
 * Level 9.7 Maces & Flails
 + Level 5.6 Armour
 + Level 5.0 Dodging
 - Level 4.0 Stealth


You had 8 spell levels left.
You didn't know any spells.
Your spell library was empty.

Dungeon Overview and Level Annotations

Branches:
Dungeon (6/12)             Temple (1/1) D:6

Altars:
Ashenzari
Cheibriados
Dithmenos
Elyvilon
Fedhas
Gozag
Hepliaklqana
Kikubaaqudgha
Lugonu
Makhleb
Nemelex Xobeh
Okawaru
Qazlal
Ru
Sif Muna
Trog
Uskayaw
Vehumet
Wu Jian
Xom
Yredelemnul
Zin

Annotations:
D:6 Menkaure


Message History

Xiloxoch barely misses Menkaure.
Menkaure hits you but does no damage.
You hit Menkaure but do no damage.
Menkaure is heavily damaged.
Xiloxoch hits Menkaure but does no damage.
Menkaure barely misses you.
Xiloxoch hits Menkaure!
You closely miss Menkaure.
Menkaure is severely damaged.
Xiloxoch closely misses Menkaure.
Menkaure closely misses you.
All of the chunks of flesh in your inventory have rotted away.
You closely miss Menkaure.
Menkaure is severely damaged.
Xiloxoch barely misses Menkaure.
Menkaure calls on the powers of darkness!
Your body is wracked with pain!
You are too injured to fight recklessly!
You are too injured to fight recklessly!
You barely miss Menkaure.
Menkaure is severely damaged.
Xiloxoch hits Menkaure.
Menkaure hits you!!
You die...

#.. .# .## #.. .##..# .###..
.$.... ......# #....#
.....#..... ....... #M..#
#####R@## ##PPP##..# . ###
#P...P#:## ##.. #.# ###P.>.P#..#
..... .......
##.###.#P...P##.##.............
#.....###P.P###................
#.......##'###......##.........
##.##.....)......#######........
#...##............###.# #....#..


You could see the friendly Xiloxoch the ancestor and Menkaure.

Vanquished Creatures
  Edmund (D:4)
  Duvessa (D:6)
  Purgy (Sewer)
  2 orc warriors
  2 sky beasts
  A centaur (D:5)
  An ogre (D:4)
  A big kobold (D:6)
  Dowan (D:6)
  3 crimson imps (D:4)
  A bullfrog zombie (D:6)
  Crazy Yiuf (D:4)
  A hound (D:4)
  2 orc priests
  2 orc wizards
  Ijyb (D:3)
  2 bullfrog skeletons
  A worker ant (D:4)
  A worker ant zombie (D:3)
  7 adders
  4 gnolls (D:5)
  An ooze (D:3)
  2 adder zombies
  An adder skeleton (D:6)
  10 worms
  3 dart slugs
  8 leopard geckos
  24 orcs
  6 ball pythons
  A giant cockroach (D:1)
  4 goblins
  12 hobgoblins
  4 jackals (D:3)
  17 kobolds
  4 quokkas
  5 bats
  6 frilled lizards
  8 rats
153 creatures vanquished.

Vanquished Creatures (others)
  4 toadstools (D:1)
4 creatures vanquished.

Grand Total: 157 creatures vanquished

Notes
Turn   | Place    | Note
-------+----------+-------------------------------------------
     0 | D:1      | Gumption the Human Archaeologist began the quest for the
                  | Orb.
     0 | D:1      | Reached XP level 1. HP: 15/15 MP: 1/1
   366 | D:1      | Reached XP level 2. HP: 20/21 MP: 2/2
   619 | D:1      | Reached skill level 1 in Armour
   730 | D:1      | Reached XP level 3. HP: 26/26 MP: 3/3
  1653 | D:2      | Reached skill level 2 in Maces & Flails
  1970 | D:1      | Reached XP level 4. HP: 33/33 MP: 4/4
  2318 | D:2      | Reached skill level 3 in Maces & Flails
  2685 | D:2      | Found a shadowy altar of Dithmenos.
  2861 | D:3      | Reached XP level 5. HP: 38/38 MP: 5/5
  3018 | D:3      | Noticed Ijyb
  3157 | D:3      | Reached skill level 4 in Maces & Flails
  3474 | D:3      | Reached XP level 6. HP: 40/46 MP: 6/6
  3860 | D:3      | Reached skill level 5 in Maces & Flails
  4055 | D:3      | Found a shimmering blue altar of Sif Muna.
  4059 | D:3      | Found a basalt altar of Yredelemnul.
  4059 | D:3      | Found a sparkling altar of Nemelex Xobeh.
  4068 | D:3      | Found a white marble altar of Elyvilon.
  4071 | D:3      | Found a sacrificial altar of Ru.
  4193 | D:3      | Found a shattered altar of Ashenzari.
  4726 | D:3      | Killed Ijyb
  5255 | D:4      | Reached skill level 6 in Maces & Flails
  5286 | D:4      | Reached XP level 7. HP: 40/52 MP: 7/7
  5330 | D:4      | Reached skill level 7 in Maces & Flails
  5631 | D:4      | Noticed Edmund
  5654 | D:4      | Killed Edmund
  5698 | D:4      | Found a glowing drain.
  5718 | Sewer    | Entered a sewer
  5752 | Sewer    | Noticed Purgy
  5780 | Sewer    | Killed Purgy
  5780 | Sewer    | Reached skill level 8 in Maces & Flails
  5780 | Sewer    | Reached XP level 8. HP: 48/60 MP: 8/8
  6497 | D:4      | Found a runed door.
  6795 | D:4      | Noticed Crazy Yiuf
  6801 | D:4      | Killed Crazy Yiuf
  6863 | D:5      | Entered Level 5 of the Dungeon
  7252 | D:5      | Reached skill level 9 in Maces & Flails
  7252 | D:5      | Reached skill level 5 in Armour
  7757 | D:6      | Noticed Dowan
  7762 | D:6      | Noticed Duvessa
  7775 | D:6      | Killed Duvessa
  7775 | D:6      | Reached skill level 5 in Fighting
  7775 | D:6      | Reached XP level 9. HP: 50/68 MP: 9/9
  7777 | D:6      | Killed Dowan
  7940 | D:6      | Noticed Menkaure
  8002 | D:6      | Reached skill level 5 in Dodging
  8115 | D:6      | Found a staircase to the Ecumenical Temple.
  8122 | Temple   | Entered the Ecumenical Temple
  8243 | Temple   | Became a worshipper of Hepliaklqana the Forgotten
  8287 | D:6      | Slain by Menkaure

Skill      XL: |  1  2  3  4  5  6  7  8  9 |
---------------+----------------------------+-----
Armour         | 1 2 3 4 5 |  5.6
Stealth        | 4 |  4.0
Maces & Flails | 2 3 4 6 8 9 |  9.7
Fighting       | 2 3 4 5 |  5.2
Dodging        | 4 5 |  5.0

Action                   |  1- 3 |  4- 6 |  7- 9 || total
-------------------------+-------+-------+-------++-------
Melee: Whip              |   198 |   406 |       ||   604
       Dagger            |     2 |       |       ||     2
       Morningstar       |       |    20 |    34 ||    54
       Flail             |       |       |   150 ||   150
       Great mace        |       |       |    28 ||    28
 Fire: Hunting sling     |       |    82 |       ||    82
Throw: Stone             |   119 |    64 |       ||   183
       Tomahawk          |       |    12 |    56 ||    68
  Use: Scroll            |       |     9 |     2 ||    11
       Potion            |       |     6 |     1 ||     7
 Stab: Sleeping          |     5 |     1 |     1 ||     7
  Eat: Chunk             |     4 |     9 |    11 ||    24
Armor: Robe              |     7 |       |       ||     7
       Ring mail         |    44 |   131 |       ||   175
       Scale mail        |    14 |       |       ||    14
       Skin              |       |    28 |       ||    28
       Leather armour    |       |    11 |   110 ||   121
Dodge: Dodged            |   115 |   227 |   146 ||   488
